 Dungeon Crawl Stone Soup version 0.31-a0-1529-g7bd419a0e5 (webtiles) character file.

Game seed: 18399761407886675835

6 avis the Charlatan (level 1, 10/10 HPs)
             Began as a Felid Artificer on Dec 31, 2023.
             Got out of the dungeon alive.
             The game lasted 00:01:21 (77 turns).

avis the Charlatan (Felid Artificer)                  Turns: 77, Time: 00:01:22

Health: 10/10      AC:  1    Str:  8    XL:     1   Next: 75%
Magic:  2/2        EV: 18    Int: 14    God:
Gold:   0          SH:  0    Dex: 16    Spells: 0/0 levels left
                                        Lives:  0   Deaths: 1

rFire   . . .        (weapon unavailable)
rCold   . . .        (shield unavailable)
rNeg    . . .        (body armour unavailable)
rPois   .            (helmet unavailable)
rElec   .            (cloak unavailable)
rCorr   .            (gloves unavailable)
SInv    +            (boots unavailable)
Will    .....        (no amulet)
Stlth   ++           (no ring)
HPRegen 0.21/turn    (no ring)
MPRegen 0.08/turn

%: no passive effects
@: no status effects
A: very small, claws 1, fangs 3, see invisible, shaggy fur 1, stealthy paws, no
weapons or thrown items, no armour, multi-lived
a: no special abilities


You escaped.
You visited 1 branch of the dungeon, and saw 1 of its levels.

Inventory:

Wands
 a - a wand of flame (15) (quivered)
 b - a wand of charming (15)
 c - a wand of iceblast (5)
Scrolls
 d - a scroll of fog {unknown}


   Skills:
 - Level 1.0 Fighting
 - Level 3.2 Dodging
 - Level 1.3 Stealth
 * Level 3.8 Evocations


You couldn't memorise any spells.
You didn't know any spells.
Your spell library was empty.

Dungeon Overview and Level Annotations

Branches:
Dungeon (1/15)

Altars:


Innate Abilities, Weirdness & Mutations

You have sharp claws.
You have razor-sharp teeth.
You have supernaturally acute eyesight. (SInv)
You are covered in fur. (AC +1)
Your paws help you pounce on unaware monsters.
You are incapable of wielding weapons or throwing items.
You cannot wear armour.
You gain extra lives every three experience levels.


Message History

You scratch the kobold.
You kill the kobold!
You scratch the goblin.
The goblin is severely wounded.
The goblin misses you.
You scratch the goblin.
You kill the goblin!
A hobgoblin comes into view.
Found a runed whip.
Things that are here:
a +0 club; a +0 whip of electrocution; a goblin corpse The hobgoblin shouts!
You scratch the rat.
The rat is heavily wounded.
The rat barely misses you.
You scratch the rat but do no damage.
The rat is heavily wounded.
The rat bites you.
You scratch the rat.
You kill the rat!
You see here a rat corpse.
You scratch the hobgoblin but do no damage.
The hobgoblin hits you.
Ouch! That really hurt!
You scratch the hobgoblin.
The hobgoblin is moderately wounded.
The hobgoblin completely misses you.
You scratch the hobgoblin.
The hobgoblin is severely wounded.
The hobgoblin barely misses you.
You scratch the hobgoblin but do no damage.
The hobgoblin is severely wounded.
The hobgoblin hits you.
Ouch! That really hurt!
You die...
You rejoin the land of the living...
Found 2 golden potions and a scroll labelled XURCHA UNNA.
Found a stone staircase leading down.
There is a staircase leading out of the dungeon here.
You have escaped!

.....######....####
#.. #....## #
#.....# . #.###.#
..#.... #.###.#
#g#####.?...
......###.........?.
≈≈≈...##...≈≈≈≈...#
≈≈≈≈.....§§§≈≈§≈..#
≈≈≈≈..>@.§§≈≈≈≈≈..#
≈≈≈≈.....§§§§≈≈≈..#
≈≈≈≈..####.§§≈≈≈...#
....# ##.§§§..#.#
.##. #..#####!.. #
#.... .>..# #....##
##### ...##.# ####
.#


You could see a hobgoblin.

Vanquished Creatures
  A bat (D:1)
  A goblin (D:1)
  A jackal (D:1)
  A kobold (D:1)
  A rat (D:1)
5 creatures vanquished.

Notes
Turn   | Place    | Note
-------+----------+-------------------------------------------
     0 | D:1      | avis the Felid Artificer began the quest for the Orb.
     0 | D:1      | Reached XP level 1. HP: 10/10 MP: 2/2
    66 | D:1      | Slain by a hobgoblin
    66 | D:1      | Lost a life (0 lives remaining)
    77 | D:$      | Got out of the dungeon alive.

Illustrated notes

Levels and vault maps discovered:
D:1:      dpeg_arrival_pits, layout_basic

Action                     || total
---------------------------++-------
  Melee: Unarmed           ||    29
 Armour: Skin              ||     9
  Dodge: Dodged            ||    26

Table legend: (Time is in decaauts)
 A = Elapsed time spent in this place.
 B = Non-inter-level travel time spent in this place.
 C = Inter-level travel time spent in this place.
 D = Time resting spent in this place.
 E = Time spent auto-exploring this place.
 F = Levels seen in this place.
 G = Mean time per level.
                   A        B        C        D        E       F      G
               +--------+--------+--------+--------+--------+-----+--------+
         Total |     77 |     73 |      4 |      5 |      4 |   1 |   77.0 |
       Dungeon |     77 |     73 |      4 |      5 |      4 |   1 |   77.0 |
               +--------+--------+--------+--------+--------+-----+--------+

Top non-repeatable levels by time:
     D:1: 77 daAuts
